[Event "ICC Open 2015"]
[Site "Internet Chess Club"]
[Date "2015.05.30"]
[Round "1"]
[White "romeomelgosa"]
[Black "Smokie"]
[Result "1-0"]
[ICCResult "Black forfeits on time"]
[WhiteElo "2189"]
[BlackElo "1437"]
[Opening "Sicilian: accelerated fianchetto, modern variation"]
[ECO "B34"]
[NIC "SI.33"]
[Time "14:04:02"]
[TimeControl "180+0"]

1. e4 c5 2. Nf3 g6 3. d4 cxd4 4. Nxd4 Nc6 5. Nc3 Nf6 6. Be3 Ng4 7. Qxg4 Bg7
8. Qd1 Qa5 9. Qd2 O-O 10. Be2 d6 11. O-O Bd7 12. Nxc6 Bxc6 13. Bd4 e5 14.
Be3 Rad8 15. Rad1 f5 16. Bg5 Bf6 17. Bxf6 Rxf6 18. Nd5 Bxd5 19. Qxa5 Bxe4
20. Qxd8+ Rf8 21. Bc4+ {Black forfeits on time} 1-0

[Event "ICC Open 2015"]
[Site "Internet Chess Club"]
[Date "2015.05.30"]
[Round "1"]
[White "mikerahal"]
[Black "Hurricane"]
[Result "1-0"]
[ICCResult "Black checkmated"]
[WhiteElo "2172"]
[BlackElo "1410"]
[Opening "Robatsch defense: Pseudo-Austrian attack"]
[ECO "B07"]
[NIC "VO.17"]
[Time "14:07:02"]
[TimeControl "180+0"]

1. e4 d6 2. d4 g6 3. Nc3 Bg7 4. f4 Nd7 5. Nf3 b6 6. Bd3 Bb7 7. Qe2 Rc8 8. e5
dxe5 9. fxe5 e6 10. Ne4 Ne7 11. Bg5 O-O 12. O-O f6 13. exf6 Bxf6 14. Nxf6+
Nxf6 15. Qxe6+ Kg7 16. Rae1 Rf7 17. c3 Bd5 18. Bxf6+ Rxf6 19. Qxe7+ Qxe7 20.
Rxe7+ Rf7 21. Rxf7+ Kxf7 22. Ng5+ Kg7 23. h4 Bxa2 24. c4 Bb3 25. Rf7+ Kh6
26. Rxh7# {Black checkmated} 1-0

[Event "ICC Open 2015"]
[Site "Internet Chess Club"]
[Date "2015.05.30"]
[Round "1"]
[White "Sc6"]
[Black "Machinegun"]
[Result "0-1"]
[ICCResult "White forfeits on time"]
[WhiteElo "1726"]
[BlackElo "2512"]
[Opening "Sicilian: Sozin, not Scheveningen"]
[ECO "B57"]
[NIC "SI.25"]
[Time "14:03:45"]
[TimeControl "180+0"]

1. e4 c5 2. Nf3 d6 3. d4 cxd4 4. Nxd4 Nf6 5. Nc3 Nc6 6. Bc4 Bd7 7. Bb3 Qb6
8. Be3 Ng4 9. O-O Nxe3 10. fxe3 e6 11. Qf3 Ne5 12. Qg3 h5 13. h3 h4 14. Qh2
Rh6 15. Rad1 Rg6 16. Rf4 Be7 17. Re1 O-O-O 18. Kh1 Rg3 19. Nf3 g5 20. Rg4
Nxg4 21. hxg4 Rxg4 22. e5 d5 23. Nd4 Rxd4 24. exd4 Qxd4 25. Qg1 Qxg1+ 26.
Kxg1 Bc5+ 27. Kh2 Bf2 28. Re2 Bg3+ 29. Kg1 Bc6 30. Rd2 d4 31. Ne2 Bxe5 32.
c3 d3 33. Nc1 Be4 34. Bc4 Bf4 35. Rd1 Be3+ 36. Kf1 d2 37. Nb3 g4 38. Ke2 Bg5
39. Nxd2 Bxg2 {White forfeits on time} 0-1

[Event "ICC Open 2015"]
[Site "Internet Chess Club"]
[Date "2015.05.30"]
[Round "1"]
[White "altoming"]
[Black "akibael"]
[Result "0-1"]
[ICCResult "White resigns"]
[WhiteElo "1697"]
[BlackElo "2405"]
[Opening "Sicilian defense"]
[ECO "B30"]
[NIC "SI.31"]
[Time "14:04:54"]
[TimeControl "180+0"]

1. e4 c5 2. Nf3 Nc6 3. Nc3 g6 4. Bc4 Bg7 5. O-O e6 6. d3 Nge7 7. Bf4 d5 8.
exd5 exd5 9. Bb5 O-O 10. Re1 a6 11. Bxc6 Nxc6 12. Bg5 Qd6 13. Qe2 Be6 14. a3
Rfe8 15. Qd2 Bg4 16. h3 Bxf3 17. gxf3 Nd4 18. Kg2 Qd7 19. Bh4 Qf5 20. Bg3
Qxf3+ 21. Kh2 Qf5 22. Rxe8+ Rxe8 23. Kg2 Qf3+ {White resigns} 0-1

[Event "ICC Open 2015"]
[Site "Internet Chess Club"]
[Date "2015.05.30"]
[Round "1"]
[White "Nos"]
[Black "pawninthegrass"]
[Result "1-0"]
[ICCResult "Black forfeits on time"]
[WhiteElo "2374"]
[BlackElo "1661"]
[Opening "Réti opening"]
[ECO "A04"]
[NIC "QP.11"]
[Time "14:03:53"]
[TimeControl "180+0"]

1. Nf3 g6 2. c4 Bg7 3. Nc3 d6 4. e4 Nc6 5. d3 e5 6. g3 h6 7. Bg2 f5 8. O-O
Nf6 9. Rb1 O-O 10. b4 g5 11. b5 Ne7 12. Nd5 f4 13. Re1 Bg4 14. Nxe7+ Qxe7
15. Qb3 fxg3 16. hxg3 Nxe4 17. dxe4 Qf7 18. Re3 Bh5 19. Qc2 g4 20. Nh4 Bf6
21. Nf5 Qg6 22. Re2 Bg5 23. c5 Rac8 24. Bxg5 Qxg5 25. Qc1 Qf6 26. Qxh6 Bg6
27. Rbe1 Bxf5 28. Qxf6 Rxf6 29. exf5 Rxf5 30. Bxb7 Rcf8 31. Be4
{Black forfeits on time}
1-0

[Event "ICC Open 2015"]
[Site "Internet Chess Club"]
[Date "2015.05.30"]
[Round "1"]
[White "hAutAjArvi"]
[Black "Biglittlefish"]
[Result "1-0"]
[ICCResult "Black checkmated"]
[WhiteElo "2053"]
[BlackElo "1292"]
[Opening "Caro-Kann: advance variation"]
[ECO "B12"]
[NIC "CK.02"]
[Time "14:04:57"]
[TimeControl "180+0"]

1. e4 c6 2. d4 d5 3. e5 g6 4. f4 Bg7 5. Nf3 Bg4 6. Be2 f6 7. Nbd2 Qb6 8. c3
e6 9. O-O f5 10. h3 Bxf3 11. Nxf3 h6 12. b4 Ne7 13. a4 Nd7 14. a5 Qc7 15. b5
cxb5 16. Bxb5 a6 17. Bd3 O-O 18. Ba3 Rf7 19. Bb4 Rc8 20. Nh4 Kh7 21. g4 Nc6
22. Bd6 Qd8 23. gxf5 gxf5 24. Qh5 Qg8 25. Kh1 Bf8 26. Rg1 Rg7 27. Rxg7+ Qxg7
28. Rg1 Nxa5 29. Rxg7+ Bxg7 30. Nxf5 Rg8 31. Ne7+ Kh8 32. Nxg8 Kxg8 33. Qe8+
Nf8 34. Bxf8 Bxf8 35. Qxe6+ Kh8 36. Qxd5 b6 37. f5 Kh7 38. f6+ Kh8 39. Qf7
Nb3 40. Qh7# {Black checkmated} 1-0

[Event "ICC Open 2015"]
[Site "Internet Chess Club"]
[Date "2015.05.30"]
[Round "1"]
[White "ILYMJPDL"]
[Black "rookfish"]
[Result "1-0"]
[ICCResult "Black checkmated"]
[WhiteElo "1988"]
[BlackElo "1145"]
[Opening "Ruy Lopez: exchange variation, 5.O-O"]
[ECO "C68"]
[NIC "RL.08"]
[Time "14:04:06"]
[TimeControl "180+0"]

1. e4 e5 2. Nf3 Nc6 3. Bb5 a6 4. Bxc6 dxc6 5. O-O Nf6 6. Nxe5 Bd6 7. Nf3 O-O
8. e5 Nd5 9. exd6 Qxd6 10. Nc3 Bg4 11. d3 Rad8 12. Nxd5 Qxd5 13. Bf4 Rfe8
14. h3 Bxh3 15. gxh3 Qh5 16. Kg2 Re6 17. Ng5 Qxd1 18. Raxd1 Re2 19. Rd2 Rxd2
20. Bxd2 f6 21. Nf3 Rd5 22. Re1 Kf7 23. Bc3 Kg6 24. Kg3 h5 25. h4 Kh6 26.
Re7 Rf5 27. Rxc7 Kg6 28. Rxb7 c5 29. Rb6 c4 30. dxc4 a5 31. Rb5 Rxf3+ 32.
Kxf3 f5 33. Rxa5 Kh6 34. Rxf5 g6 35. Bd2+ Kg7 36. Rd5 Kf6 37. a4 g5 38.
hxg5+ Kg6 39. a5 h4 40. Kg4 h3 41. Kxh3 Kh5 42. g6+ Kxg6 43. a6 Kf6 44. a7
Ke6 45. a8=Q Ke7 46. Qb7+ Ke8 47. Qd7+ Kf8 48. Bh6+ Kg8 49. Qg7#
{Black checkmated}
1-0

[Event "ICC Open 2015"]
[Site "Internet Chess Club"]
[Date "2015.05.30"]
[Round "1"]
[White "Turlock"]
[Black "jefferyx"]
[Result "0-1"]
[ICCResult "White forfeits on time"]
[WhiteElo "1864"]
[BlackElo "2881"]
[Opening "Polish defense"]
[ECO "A40"]
[NIC "QO.17"]
[Time "14:03:54"]
[TimeControl "180+0"]

1. d4 b5 2. Bf4 Bb7 3. e3 Nf6 4. Nf3 a6 5. Bd3 c5 6. c3 e6 7. O-O Be7 8. h3
O-O 9. Nbd2 d6 10. e4 Nbd7 11. Qe2 Rc8 12. Rac1 Re8 13. Rfe1 g6 14. Bh2 Bf8
15. e5 dxe5 16. dxe5 Nd5 17. Be4 c4 18. Nd4 Nc5 19. Bb1 Bh6 20. Rcd1 Qc7 21.
Ne4 Nxe4 22. Bxe4 Rcd8 23. Qf3 Bg7 24. Qe2 Bxe5 25. Bxe5 Qxe5 26. Qc2 Qf6
27. g3 Ba8 28. h4 Nc7 29. Nc6 Bxc6 30. Bxc6 Rxd1 31. Rxd1 Rd8 32. Rxd8+ Qxd8
33. Be4 f5 34. Bf3 Qd3 35. Bd1 e5 36. Qxd3 cxd3 37. f3 Nd5 38. Kf2 Kf7 39.
Bb3 Ke6 40. Bxd5+ Kxd5 41. Ke3 e4 42. fxe4+ fxe4 43. g4 h6 44. b3 g5 45. h5
Kc5 {White forfeits on time} 0-1

[Event "ICC Open 2015"]
[Site "Internet Chess Club"]
[Date "2015.05.30"]
[Round "1"]
[White "bythebook"]
[Black "playwaycool"]
[Result "0-1"]
[ICCResult "White forfeits on time"]
[WhiteElo "1638"]
[BlackElo "2343"]
[Opening "Ruy Lopez: closed, Keres (...Nd7) defense"]
[ECO "C96"]
[NIC "RL.23"]
[Time "14:04:37"]
[TimeControl "180+0"]

1. e4 e5 2. Nf3 Nc6 3. Bb5 a6 4. Ba4 Nf6 5. O-O Be7 6. Re1 b5 7. Bb3 d6 8.
c3 O-O 9. h3 Na5 10. Bc2 c5 11. d4 Nd7 12. Nbd2 exd4 13. cxd4 Nc6 14. Nf1
Nxd4 15. Nxd4 cxd4 16. Qxd4 Ne5 17. Ng3 Bf6 18. Qd1 Nc4 19. Rb1 Be6 20. b3
Nb6 21. Bf4 Be5 22. Qf3 Rc8 23. Bd3 Nd7 24. Red1 Qc7 25. Nf5 Bxf5 26. exf5
Bxf4 27. Qxf4 f6 28. Be4 Ne5 29. Bd5+ Kh8 30. Be6 Rcd8 31. Rd2 Qe7 32. Rbd1
g5 33. Qb4 Nc6 34. Qa3 b4 35. Qb2 Ne5 36. Rd5 h6 37. Qd2 Kg7 38. Qxb4 Nc6
39. Qa3 Ne5 40. Rxd6 Rxd6 41. Qxd6 Re8 42. Qxe7+ Rxe7 43. Rd6 a5
{White forfeits on time}
0-1

[Event "ICC Open 2015"]
[Site "Internet Chess Club"]
[Date "2015.05.30"]
[Round "1"]
[White "obt"]
[Black "BlackHorse96"]
[Result "0-1"]
[ICCResult "White resigns"]
[WhiteElo "1981"]
[BlackElo "3285"]
[Opening "Alekhine's defense: Scandinavian variation"]
[ECO "B02"]
[NIC "AL.10"]
[Time "14:04:24"]
[TimeControl "180+0"]

1. e4 Nf6 2. Nc3 d5 3. exd5 Nxd5 4. Bc4 Nb6 5. Bb3 c5 6. d3 Nc6 7. Nge2 Bg4
8. f3 Bh5 9. Bf4 e6 10. Qd2 Be7 11. g4 Bg6 12. Ng3 Nd4 13. Qf2 a5 14. Ba4+
Nxa4 15. Nxa4 O-O 16. h4 Bxh4 17. O-O-O Bxg3 18. Bxg3 b5 19. Nc3 a4 20. Be5
b4 21. Ne4 b3 22. Bxd4 bxa2 23. Kd2 cxd4 24. Ra1 Qa5+ 25. Kc1 Qd5 26. Nd2
Rfc8 27. Nc4 Rab8 28. Rxa2 Rxc4 29. dxc4 Qxc4 30. Ra3 Rc8 31. Rh2 Bxc2 32.
Qxc2 Qf1+ 33. Kd2 Rxc2+ 34. Kxc2 Qc4+ 35. Kb1 g6 36. Rc2 Qb4 37. Rc7 h5 38.
gxh5 gxh5 39. Rd7 h4 40. f4 Qc4 41. f5 e5 42. Rh3 Qf1+ {White resigns} 0-1

[Event "ICC Open 2015"]
[Site "Internet Chess Club"]
[Date "2015.05.30"]
[Round "1"]
[White "livis"]
[Black "Glamurius"]
[Result "0-1"]
[ICCResult "White checkmated"]
[WhiteElo "1940"]
[BlackElo "3049"]
[Opening "King's pawn game"]
[ECO "C44"]
[NIC "KP.07"]
[Time "14:04:09"]
[TimeControl "180+0"]

1. e4 e5 2. Nf3 Nc6 3. d3 Nf6 4. Be2 d5 5. exd5 Nxd5 6. O-O Bd6 7. Nc3 Nxc3
8. bxc3 O-O 9. Ng5 f5 10. f4 h6 11. Nh3 Bd7 12. Kh1 Qh4 13. Qe1 Qxe1 14.
Rxe1 Rae8 15. Bd2 b6 16. Bf3 Kh7 17. g3 Na5 18. Kg2 Ba4 19. fxe5 Bxe5 20. d4
Bd6 21. Bf4 g5 22. Bxd6 cxd6 23. Bd5 Bxc2 24. Re6 Rxe6 25. Bxe6 Be4+ 26. Kg1
Rf6 27. d5 Nc4 28. Re1 Ne5 29. Kf2 Nd3+ 30. Ke2 Nxe1 31. Kxe1 Kg6 32. Kf2
Bb1 33. a3 Rf8 34. Ke3 Kf6 35. Kd4 h5 36. Nf2 g4 37. Nd1 h4 38. Ne3 hxg3 39.
hxg3 Rh8 40. Ng2 Rh2 41. Nf4 Rd2+ 42. Kc4 Rb2 43. Nh5+ Ke5 44. Nf4 b5#
{White checkmated}
0-1

[Event "ICC Open 2015"]
[Site "Internet Chess Club"]
[Date "2015.05.30"]
[Round "1"]
[White "ehkopean"]
[Black "ural"]
[Result "1-0"]
[ICCResult "Black resigns"]
[WhiteElo "1734"]
[BlackElo "2400"]
[Opening "Scandinavian (center counter) defense"]
[ECO "B01"]
[NIC "SD.01"]
[Time "14:04:02"]
[TimeControl "180+0"]

1. e4 d5 2. exd5 Qxd5 3. Nc3 Qa5 4. d4 Nf6 5. Bd2 Bg4 6. Be2 Bxe2 7. Ngxe2
e6 8. Ne4 Qb6 9. Nxf6+ gxf6 10. Bc3 Rg8 11. Ng3 Nc6 12. d5 O-O-O 13. Qf3
Rxd5 14. Qxf6 Bg7 15. Qf3 Bxc3+ 16. Qxc3 Re5+ 17. Kf1 h5 18. Re1 Rxe1+ 19.
Kxe1 h4 20. Ne4 Rxg2 21. Qh8+ Nd8 22. Rf1 Qb4+ 23. Nc3 Qxb2 24. Kd2 Qb4 25.
a3 Qf4+ 26. Ke1 e5 27. Ne2 Qe4 28. Kd2 Rg6 29. Rd1 Rd6+ 30. Kc1 Qxe2 31.
Rxd6 cxd6 32. Qxh4 Ne6 33. Qh8+ Kd7 34. Qb8 Qf1+ 35. Kb2 Qb5+ 36. Kc1 Nd8
37. Qxa7 Qf1+ 38. Kb2 Qxf2 39. Qxf2 Ke6 40. Qh4 Nc6 41. Qh6+ f6 42. h4 Ne7
43. h5 Kf7 44. Qh7+ Kf8 45. h6 Nf5 46. Qxf5 {Black resigns} 1-0

[Event "ICC Open 2015"]
[Site "Internet Chess Club"]
[Date "2015.05.30"]
[Round "1"]
[White "Prof-chess"]
[Black "ALexiz"]
[Result "1-0"]
[ICCResult "Black resigns"]
[WhiteElo "2700"]
[BlackElo "1805"]
[Opening "Sicilian: closed, 2...Nc6"]
[ECO "B23"]
[NIC "SI.44"]
[Time "14:03:59"]
[TimeControl "180+0"]

1. e4 c5 2. Nc3 Nc6 3. Bb5 Nd4 4. Bc4 e6 5. Nge2 g6 6. O-O Bg7 7. Nxd4 cxd4
8. Nb5 d5 9. exd5 exd5 10. Bxd5 Ne7 11. Bb3 O-O 12. d3 a6 13. Na3 b5 14. Re1
Bb7 15. Bg5 Re8 16. Qg4 Qc7 17. Qf4 Nd5 18. Qxc7 Nxc7 19. f3 Nd5 20. Kf2 Ne3
21. c4 b4 22. Nc2 Nxc2 23. Bxc2 Bc6 24. Rxe8+ Rxe8 25. Re1 a5 26. Rxe8+ Bxe8
27. Bd8 a4 28. Ba5 a3 29. bxa3 bxa3 30. Bb6 Bc6 31. Bc5 f5 32. Bxa3 Kf7 33.
Bc5 Ke8 34. a4 Kd7 35. a5 Kc7 36. g4 Be5 37. gxf5 gxf5 38. Kg2 Kb7 39. Bb6
Ka6 40. h4 h5 41. Bb3 f4 42. c5 Be8 43. Bc4+ Kb7 44. a6+ Kb8 45. Bd5
{Black resigns}
1-0

[Event "ICC Open 2015"]
[Site "Internet Chess Club"]
[Date "2015.05.30"]
[Round "1"]
[White "muhit"]
[Black "Cramagica"]
[Result "1-0"]
[ICCResult "Black checkmated"]
[WhiteElo "2027"]
[BlackElo "1199"]
[Opening "Queen's Indian accelerated"]
[ECO "E12"]
[NIC "EO.39"]
[Time "14:04:15"]
[TimeControl "180+0"]

1. d4 Nf6 2. c4 b6 3. Nc3 Bb7 4. Nf3 e6 5. g3 c5 6. Bg2 cxd4 7. Qxd4 Be7 8.
O-O Nc6 9. Qd1 O-O 10. Bf4 Na5 11. b3 d5 12. cxd5 Nxd5 13. Nxd5 Bxd5 14. Qd3
Bf6 15. Rac1 Nc6 16. e4 Ne5 17. Nxe5 Bb7 18. Qxd8 Raxd8 19. Rfd1 Rxd1+ 20.
Rxd1 Rc8 21. Nc4 h6 22. Nd6 Rb8 23. Nxb7 Rxb7 24. e5 Re7 25. exf6 gxf6 26.
Rd8+ Kg7 27. Bd6 Rb7 28. Bxb7 e5 29. Be4 a6 30. Bf5 a5 31. Bf8+ Kh8 32.
Bxh6# {Black checkmated} 1-0

[Event "ICC Open 2015"]
[Site "Internet Chess Club"]
[Date "2015.05.30"]
[Round "1"]
[White "ivancele"]
[Black "Schurick"]
[Result "0-1"]
[ICCResult "White forfeits on time"]
[WhiteElo "1665"]
[BlackElo "2382"]
[Opening "Bogo-Indian defense, Nimzovich variation"]
[ECO "E11"]
[NIC "QI.01"]
[Time "14:04:55"]
[TimeControl "180+0"]

1. d4 Nf6 2. c4 e6 3. Nf3 Bb4+ 4. Bd2 Qe7 5. a3 Bxd2+ 6. Nbxd2 d6 7. g3 e5
8. dxe5 dxe5 9. Bg2 a5 10. O-O a4 11. e3 O-O 12. Qc2 Nbd7 13. Rad1 Nc5 14.
Ne1 Bg4 15. f3 Bh5 16. Kh1 Bg6 17. e4 Rfd8 18. Qc3 Rd7 19. Nc2 Rad8 20. Ne3
Rd3 21. Qb4 Rxe3 22. Rfe1 Rxe1+ 23. Rxe1 b6 24. Nf1 Qd7 25. Ne3 Qd2 26. Qxd2
Rxd2 27. Rd1 Rxd1+ 28. Nxd1 Ne8 29. Kg1 f6 30. Kf2 Bf7 31. Bf1 Nd6 32. Ne3
c6 33. Ke1 h5 34. Kd2 g6 35. Kc3 f5 36. exf5 Nxf5 37. Nxf5 gxf5
{White forfeits on time}
0-1

[Event "ICC Open 2015"]
[Site "Internet Chess Club"]
[Date "2015.05.30"]
[Round "1"]
[White "Discoverchess"]
[Black "HardAsfalt"]
[Result "1-0"]
[ICCResult "Black forfeits on time"]
[WhiteElo "2438"]
[BlackElo "1705"]
[Opening "English: symmetrical variation"]
[ECO "A30"]
[NIC "EO.64"]
[Time "14:04:56"]
[TimeControl "180+0"]

1. c4 c5 2. g3 Nc6 3. Bg2 e6 4. Nc3 Nf6 5. Nf3 Be7 6. O-O O-O 7. d4 cxd4 8.
Nxd4 d5 9. cxd5 exd5 10. Bg5 Nxd4 11. Qxd4 Be6 12. Rfd1 Rc8 13. Rac1 Bc5 14.
Qd2 Qb6 15. Rf1 Ne4 16. Nxe4 dxe4 17. Bxe4 Bh3 18. Bg2 Bxg2 19. Kxg2 Qc6+
20. Kg1 Qe4 21. a3 h5 22. b4 Bb6 23. a4 a6 24. a5 Bc7 25. Qd7 Rfd8 26. Bxd8
Rxd8 27. Qxc7 Re8 28. Qd7 h4 29. Rc8 h3 30. Rxe8+ Kh7 31. Rxe4 b5 32. Qxh3+
Kg6 33. Re8 f5 34. Re6+ Kg5 35. Qxf5+ Kxf5 36. Re7 {Black forfeits on time}
1-0

[Event "ICC Open 2015"]
[Site "Internet Chess Club"]
[Date "2015.05.30"]
[Round "1"]
[White "Werewolf"]
[Black "lemanofzorn"]
[Result "1-0"]
[ICCResult "Black checkmated"]
[WhiteElo "2198"]
[BlackElo "1446"]
[Opening "Caro-Kann: advance variation"]
[ECO "B12"]
[NIC "CK.04"]
[Time "14:04:45"]
[TimeControl "180+0"]

1. e4 c6 2. d4 d5 3. e5 Bf5 4. h4 h5 5. c4 dxc4 6. Bxc4 e6 7. Nc3 Bb4 8. Ne2
Ne7 9. Bg5 Ba5 10. O-O Bb6 11. a4 a5 12. Qd2 O-O 13. Rfd1 Nd7 14. Ng3 Bg6
15. Nce4 Qe8 16. Nd6 Qd8 17. Nxb7 Qc7 18. Bxe7 Qxb7 19. Bxf8 Rxf8 20. Bd3 c5
21. Bxg6 fxg6 22. dxc5 Nxc5 23. Rf1 Qf7 24. Qe3 Nd7 25. Qe2 Nxe5 26. Qxe5
Bxf2+ 27. Kh2 Bxg3+ 28. Qxg3 Qe7 29. Rxf8+ Kxf8 30. Rc1 Kg8 31. Qg5 Qd6+ 32.
Kh1 Kh7 33. Re1 Qb4 34. Rxe6 Qxb2 35. Qxg6+ Kg8 36. Re8# {Black checkmated}
1-0

[Event "ICC Open 2015"]
[Site "Internet Chess Club"]
[Date "2015.05.30"]
[Round "1"]
[White "prowhite"]
[Black "Neurisdr"]
[Result "0-1"]
[ICCResult "White forfeits on time"]
[WhiteElo "1908"]
[BlackElo "2928"]
[Opening "Bird's opening"]
[ECO "A03"]
[NIC "VO.07"]
[Time "14:04:21"]
[TimeControl "180+0"]

1. f4 d5 2. Nf3 c6 3. e3 Bg4 4. h3 Bxf3 5. Qxf3 Nd7 6. d4 f5 7. g4 e6 8. g5
Bd6 9. Bd3 Ne7 10. c4 O-O 11. Nc3 dxc4 12. Bxc4 Nd5 13. Bd2 b5 14. Bd3 N7b6
15. h4 b4 16. Ne2 c5 17. h5 c4 18. Bb1 Rc8 19. h6 g6 20. b3 a5 21. Ng3 c3
22. Bc1 c2 23. Bxc2 Rxc2 24. Bd2 Qc7 25. Ne2 Rc8 26. Rd1 a4 27. e4 fxe4 28.
Qxe4 Qf7 29. bxa4 Nxa4 30. O-O Rxa2 31. Ng3 Nac3 32. Bxc3 bxc3 33. Rc1 Ra4
34. Rfe1 Nxf4 35. Rf1 Rxd4 36. Qc2 Bc5 37. Kh1 Qb7+ 38. Kh2 Rd2+
{White forfeits on time}
0-1

[Event "ICC Open 2015"]
[Site "Internet Chess Club"]
[Date "2015.05.30"]
[Round "1"]
[White "safadi100"]
[Black "oseledets"]
[Result "1-0"]
[ICCResult "Black checkmated"]
[WhiteElo "1673"]
[BlackElo "2042"]
[Opening "Sicilian: closed"]
[ECO "B23"]
[NIC "SI.44"]
[Time "14:04:08"]
[TimeControl "180+0"]

1. e4 c5 2. Nc3 e6 3. f4 d5 4. Nf3 d4 5. Nb1 Nf6 6. Bb5+ Bd7 7. Bxd7+ Nbxd7
8. d3 Qc7 9. O-O e5 10. fxe5 Nxe5 11. Bf4 Bd6 12. Kh1 O-O 13. Nbd2 Neg4 14.
Bxd6 Qxd6 15. Nc4 Qc7 16. h3 b5 17. hxg4 bxc4 18. Nh2 cxd3 19. cxd3 Rab8 20.
Rb1 Rfe8 21. Qf3 Re5 22. Qf4 Re7 23. g5 Qxf4 24. Rxf4 Nd7 25. Rf5 Ne5 26.
Nf3 Nxd3 27. b3 Rxe4 28. Kg1 Re2 29. Rd1 Nb2 30. Rc1 Nd3 31. Rd1 Nb2 32. Rc1
c4 33. bxc4 d3 34. Rd5 Rc2 35. Rd1 Nxd1 36. Rxd3 h6 37. Rxd1 hxg5 38. Nxg5
f6 39. Ne6 Rxa2 40. Rd7 Rc8 41. Rxg7+ Kh8 42. Rg4 Rg8 43. Rh4#
{Black checkmated}
1-0

[Event "ICC Open 2015"]
[Site "Internet Chess Club"]
[Date "2015.05.30"]
[Round "1"]
[White "talaatabdin"]
[Black "jergus"]
[Result "0-1"]
[ICCResult "White forfeits on time"]
[WhiteElo "1438"]
[BlackElo "2192"]
[Opening "Sicilian: modern Scheveningen"]
[ECO "B45"]
[NIC "SI.22"]
[Time "14:04:11"]
[TimeControl "180+0"]

1. e4 c5 2. Nc3 e6 3. Nf3 Nc6 4. d4 cxd4 5. Nxd4 Nf6 6. Be2 d6 7. Bg5 Be7 8.
O-O h6 9. Bh4 a6 10. Re1 Bd7 11. Bf3 Ne5 12. Qe2 Rc8 13. Rac1 O-O 14. a3 Nc4
15. Rb1 Nxb2 16. Rxb2 Rxc3 17. Rxb7 Rxa3 18. Reb1 Ra4 19. c3 Qc8 20. e5 dxe5
21. Qxe5 Qxc3 22. Nc6 Qxe5 23. Nxe5 Rxh4 24. Nxd7 Nxd7 25. Rxd7 Bf6 26. g3
Rd4 27. Rdb7 a5 28. Kg2 a4 29. Be2 a3 30. Ra7 Rd2 {White forfeits on time}
0-1

[Event "ICC Open 2015"]
[Site "Internet Chess Club"]
[Date "2015.05.30"]
[Round "1"]
[White "TapculescuM"]
[Black "Mardaker"]
[Result "0-1"]
[ICCResult "White forfeits on time"]
[WhiteElo "1818"]
[BlackElo "2730"]
[Opening "Réti opening"]
[ECO "A04"]
[NIC "QP.10"]
[Time "14:04:33"]
[TimeControl "180+0"]

1. Nf3 c5 2. g3 Nc6 3. Bg2 e5 4. d3 Nf6 5. O-O Be7 6. c4 O-O 7. Nc3 d6 8. e3
Be6 9. Qe2 h6 10. Rd1 Re8 11. Bd2 Bf8 12. a3 d5 13. cxd5 Nxd5 14. Nxd5 Bxd5
15. Bc3 Nd4 16. Nxd4 exd4 17. Bxd5 Qxd5 18. Bd2 dxe3 19. fxe3 Re6 20. e4 Qd7
21. Bc3 Rd8 22. Qf3 Rd6 23. e5 Rxd3 24. Rxd3 Qxd3 25. Qxb7 c4 26. Rf1 Bc5+
27. Kg2 Rd7 28. Qc8+ Bf8 29. Rf2 Qe4+ 30. Kh3 Qd5 31. Qa6 Bc5 32. Rd2 Qb7
33. Qxb7 Rxb7 34. Rd8+ Kh7 35. Kg4 Kg6 36. Kf3 h5 37. Ke4 Rb3
{White forfeits on time}
0-1

[Event "ICC Open 2015"]
[Site "Internet Chess Club"]
[Date "2015.05.30"]
[Round "1"]
[White "Danya"]
[Black "DarkBlue"]
[Result "1-0"]
[ICCResult "Black checkmated"]
[WhiteElo "3069"]
[BlackElo "1955"]
[Opening "QGD: symmetrical (Austrian) defense"]
[ECO "D06"]
[NIC "QP.08"]
[Time "14:04:16"]
[TimeControl "180+0"]

1. d4 d5 2. c4 c5 3. cxd5 Qxd5 4. Nf3 cxd4 5. Nc3 Qa5 6. Nxd4 Nf6 7. g3 e5
8. Nb3 Qc7 9. Bg2 Bb4 10. O-O Bxc3 11. bxc3 O-O 12. Ba3 Rd8 13. Qc2 Nc6 14.
Rad1 Be6 15. Nc5 Bd5 16. Bxd5 Rxd5 17. Ne4 Rxd1 18. Nxf6+ gxf6 19. Rxd1 Rd8
20. Rc1 Qd7 21. Qa4 a6 22. h4 Na7 23. Qe4 Nc6 24. h5 f5 25. Qh4 h6 26. Bc5
Qe6 27. Be3 Kh7 28. Rc2 b5 29. Kh2 Qe7 30. Qh3 Qe6 31. a3 Rd7 32. Bc5 Ne7
33. Bxe7 Rxe7 34. Qh4 Rd7 35. c4 bxc4 36. Rxc4 e4 37. Rc8 Qe7 38. Qxe7 Rxe7
39. Rc5 e3 40. f3 Rd7 41. Rxf5 Rd2 42. Rxf7+ Kg8 43. Re7 Rxe2+ 44. Kh3 Rf2
45. Rxe3 Ra2 46. g4 Kg7 47. f4 Kf7 48. g5 Ra1 49. Kg4 Rh1 50. Rh3 Rg1+ 51.
Kf5 Rb1 52. g6+ Ke7 53. Re3+ Kf8 54. Re5 Rb6 55. Re6 Rb2 56. Kf6 Rf2 57. g7+
Kg8 58. Re8+ Kh7 59. Rh8# {Black checkmated} 1-0

[Event "ICC Open 2015"]
[Site "Internet Chess Club"]
[Date "2015.05.30"]
[Round "1"]
[White "fviana"]
[Black "VoltesV"]
[Result "1-0"]
[ICCResult "Black forfeits on time"]
[WhiteElo "2313"]
[BlackElo "1606"]
[Opening "King's pawn opening"]
[ECO "B07"]
[NIC "VO.17"]
[Time "14:05:02"]
[TimeControl "180+0"]

1. e4 d6 2. Nf3 Nf6 3. Nc3 g6 4. h3 Bg7 5. Bc4 c6 6. O-O O-O 7. Re1 b5 8.
Bb3 b4 9. Nb1 Be6 10. Bxe6 fxe6 11. e5 Nd5 12. c4 bxc3 13. dxc3 Rf5 14. exd6
Qxd6 15. Nbd2 Nf4 16. Qb3 Nd7 17. Ne4 Qc7 18. Bxf4 Rxf4 19. Qxe6+ Kh8 20.
Neg5 Raf8 21. Qxe7 h6 22. Ne6 Rxf3 23. Nxc7 R3f7 24. Qe2 Kh7 25. Ne6 Re8 26.
Ng5+ hxg5 27. Qxe8 {Black forfeits on time} 1-0

[Event "ICC Open 2015"]
[Site "Internet Chess Club"]
[Date "2015.05.30"]
[Round "1"]
[White "reydelmambo"]
[Black "krankenstein"]
[Result "1-0"]
[ICCResult "Black resigns"]
[WhiteElo "1985"]
[BlackElo "1063"]
[Opening "Réti opening"]
[ECO "A04"]
[NIC "QP.11"]
[Time "14:04:08"]
[TimeControl "180+0"]

1. Nf3 Nc6 2. c4 Nf6 3. Nc3 d5 4. cxd5 Nxd5 5. e4 Nb6 6. d4 Bg4 7. Be3 e6 8.
Be2 Be7 9. O-O O-O 10. Rc1 f5 11. h3 Bh5 12. exf5 exf5 13. d5 Bxf3 14. Bxf3
Ne5 15. Be2 Bf6 16. a4 Nbc4 17. Qb3 Nxe3 18. fxe3 Kh8 19. Nb5 Qd7 20. Rxc7
Qe8 21. Nd6 Qb8 22. Qxb7 Qxb7 23. Rxb7 Rad8 24. Nxf5 Rxd5 25. Rxa7 Nd3 26.
Bxd3 Rxd3 27. b4 Bc3 28. b5 g6 29. Ng3 Rxf1+ 30. Nxf1 Rd1 31. b6 Be5 32. a5
h5 33. b7 Rd7 34. b8=Q+ Bxb8 35. Rxd7 Be5 36. a6 Bb8 37. Rd8+ {Black
resigns} 1-0

[Event "ICC Open 2015"]
[Site "Internet Chess Club"]
[Date "2015.05.30"]
[Round "1"]
[White "zelog"]
[Black "galaxia"]
[Result "1-0"]
[ICCResult "Black checkmated"]
[WhiteElo "2067"]
[BlackElo "1374"]
[Opening "English opening"]
[ECO "A20"]
[NIC "EO.24"]
[Time "14:04:08"]
[TimeControl "180+0"]

1. c4 e5 2. g3 Nf6 3. Bg2 d5 4. cxd5 Nxd5 5. Nc3 Be6 6. d3 Be7 7. Nf3 Nc6 8.
O-O O-O 9. Bd2 Qd7 10. Ng5 Bxg5 11. Bxg5 h6 12. Bd2 Nxc3 13. Bxc3 Rfe8 14.
a3 a5 15. Rc1 Ra6 16. Re1 Rb6 17. Qa4 Nd4 18. Qxd7 Bxd7 19. Bxa5 Rxb2 20.
Rxc7 Be6 21. Rxb7 Ra2 22. Bb4 Nxe2+ 23. Kf1 Nd4 24. Rxe5 Nc2 25. h4 Nxa3 26.
Ra7 Nc2 27. Rxa2 Nxb4 28. Rd2 Nc6 29. Re1 Nd4 30. Kg1 Rc8 31. Re4 Nb3 32.
Rb2 Rc1+ 33. Kh2 Bd5 34. Re5 Bxg2 35. Kxg2 Na5 36. Rb8+ Kh7 37. Rxa5 Rd1 38.
Rd5 Rxd3 39. Rxd3 f5 40. Rd7 h5 41. Rbb7 f4 42. Rxg7+ Kh8 43. Rgc7 f3+ 44.
Kxf3 Kg8 45. Rc8# {Black checkmated} 1-0